 Dungeon Crawl Stone Soup version 0.30-a0-587-gfd7c166f36 (webtiles) character file.

Game seed: 7765560662578896132

74 Citaku the Covered (level 4, -1/40 HPs)
             Began as a Minotaur Fighter on Jan 4, 2023.
             Slain by a gnoll
             ... wielding a +0 halberd
              (7 damage)
             ... on level 3 of the Dungeon.
             The game lasted 00:02:38 (1569 turns).

Citaku the Covered (Minotaur Fighter)               Turns: 1569, Time: 00:02:38

Health: -1/40      AC:  7    Str: 23    XL:     4   Next: 9%
Magic:  3/3        EV:  9    Int:  5    God:
Gold:   109        SH:  4    Dex:  9    Spells: 3/3 levels left

rFire   . . .      SeeInvis .    a - +0 war axe
rCold   . . .      Faith    .    c - +0 buckler
rNeg    . . .      Spirit   .    b - +0 scale mail
rPois   .          Reflect  .    (helmet restricted)
rElec   .          Harm     .    (no cloak)
rCorr   .          Rampage  .    (no gloves)
Will    .....                    (no boots) Stlth
                                 (no amulet)
HPRegen 0.26/turn                (no ring)
MPRegen 0.08/turn                (no ring)

@: mighty
A: horns 2, retaliatory headbutt
a: no special abilities


You were on level 3 of the Dungeon.
You visited 1 branch of the dungeon, and saw 3 of its levels.

You collected 109 gold pieces.

Inventory:

Hand Weapons
 a - a +0 war axe (weapon)
Armour
 b - a +0 scale mail (worn)
 c - a +0 buckler (worn)
Scrolls
 f - 3 scrolls of poison {unknown}
 g - a scroll of identify {unknown}
 h - a scroll of teleportation {unknown}
 i - a scroll of vulnerability {unknown}
 j - a scroll of fear {unknown}
 l - a scroll of immolation {unknown}
Potions
 e - a potion of heal wounds {unknown}
 k - a potion of lignification {unknown}


   Skills:
 + Level 4.2 Fighting
 * Level 3.8 Axes
 * Level 4.7 Armour
 - Level 3.6 Shields


You had 3 spell levels left.
You didn't know any spells.
Your spell library contained the following spells:

 Spells                   Type           Power      Damage    Failure   Level
 Frozen Ramparts          Ice            0%         1d1       99%         3
 Ice Form                 Ice/Tmut       0%         N/A       100%        4
 Summon Ice Beast         Ice/Summ       0%         N/A       100%        4


Dungeon Overview and Level Annotations

Branches:
Dungeon (3/15)

Altars:


Innate Abilities, Weirdness & Mutations

You have a pair of horns on your head.
You reflexively headbutt those who attack you in melee.


Message History

The gnoll shouts!
You hear a shout!
You block the gnoll's attack.
There is a stone staircase leading up here.
The gnoll attacks as you move away! The gnoll misses you.
You hit the gnoll.
The gnoll is heavily wounded.
The gnoll hits you with a +0 flail!
You slash the gnoll!
You kill the gnoll!
You block the gnoll's attack.
You see here a +0 flail.
You barely miss the gnoll.
The gnoll hits you but does no damage. x2
The gnoll barely misses you.
You hit the gnoll.
The gnoll is heavily wounded.
The gnoll closely misses you.
The gnoll hits you from afar with a +0 halberd!
You block the gnoll's attack.
You barely miss the gnoll. You headbutt the gnoll.
You kill the gnoll!
You closely miss the gnoll. The gnoll closely misses you.
The gnoll hits you with a +0 flail.
You have reached level 4!
You feel stronger.
You closely miss the gnoll. The gnoll barely misses you.
The gnoll hits you with a +0 flail. The gnoll closely misses you.
You hit the gnoll but do no damage.
The gnoll hits you from afar with a +0 halberd!
* * * LOW HITPOINT WARNING * * *
You block the gnoll's attack. The gnoll barely misses you. x2
You see here a +0 flail.
You slash the gnoll!
The gnoll is almost dead.
You barely miss the gnoll. You block the gnoll's attack.
The gnoll hits you with a +0 flail.
* * * LOW HITPOINT WARNING * * *
You feel very mighty all of a sudden. The gnoll hits you with a +0 halberd!
You die...

.#P P#
.#....
.#P.b. .###
##... #..#
###.##
#.@g.#
#...g##~..#
######....~#


.PgP~P~P. ~~~~♣♣P~P~. ..~P♣♣ ♣P~P. ..P~g ♣~P. #...P~ ~.. You could see 2 gnolls.

Vanquished Creatures
  2 gnolls (D:3)
  3 dart slugs (D:1)
  5 ball pythons
  5 bats
  3 endoplasms
  5 giant cockroaches
  2 goblins (D:1)
  2 hobgoblins
  2 jackals (D:1)
  3 quokkas
  4 frilled lizards
  3 kobolds
  8 rats
47 creatures vanquished.

Vanquished Creatures (others)
  9 plants (D:3)
9 creatures vanquished.

Grand Total: 56 creatures vanquished

Notes
Turn   | Place    | Note
-------+----------+-------------------------------------------
     0 | D:1      | Citaku the Minotaur Fighter began the quest for the Orb.
     0 | D:1      | Reached XP level 1. HP: 19/19 MP: 0/0
   130 | D:1      | Reached XP level 2. HP: 24/27 MP: 1/1
   570 | D:1      | Reached XP level 3. HP: 33/33 MP: 2/2
  1547 | D:3      | Noticed a scorpion
  1564 | D:3      | Reached XP level 4. HP: 16/40 MP: 3/3
  1569 | D:3      | Slain by a gnoll

Illustrated notes

Levels and vault maps discovered:
D:1:      matt_arrival_refuge, layout_loops_ring, minivault_24, hex_large
D:2:      layout_basic
D:3:      layout_rooms, mainiacjoe_overflow_catwalk,
          hellmonk_ecumenical_altar_heavens_door, serial_aquarium,
          aquarium_bridge_square [aquarium_subvault_bridge,
          aquarium_subvault_window, aquarium_subvault_wall,
          aquarium_subvault_bridge], aquarium_window_corridor_3,
          aquarium_window_corner, aquarium_window_fake, aquarium_window_corner,
          aquarium_view_2c, nicolae_concentric_dashed_squares_mild,
          serial_bayou_pond_c, kennysheep_generic_room_2, uniq_natasha

Skill      XL: |  1  2  3 |
---------------+----------+-----
Armour         | 4 |  4.7
Axes           | 3 |  3.8
Fighting       | 4 |  4.2
Shields        | |  3.6

Action                   |  1- 3 |  4- 6 || total
-------------------------+-------+-------++-------
Melee: War axe           |    91 |     3 ||    94
       Headbutt          |     6 |       ||     6
  Use: Potion            |       |     1 ||     1
Armor: Scale mail        |    66 |       ||    66
Dodge: Dodged            |    56 |     4 ||    60
Block: Buckler           |    28 |     2 ||    30

Table legend: (Time is in decaauts)
 A = Elapsed time spent in this place.
 B = Non-inter-level travel time spent in this place.
 C = Inter-level travel time spent in this place.
 D = Time resting spent in this place.
 E = Time spent auto-exploring this place.
 F = Levels seen in this place.
 G = Mean time per level.
                   A        B        C        D        E       F      G
               +--------+--------+--------+--------+--------+-----+--------+
         Total |   1604 |   1604 |      0 |      0 |   1171 |   3 |  534.7 |
       Dungeon |   1604 |   1604 |      0 |      0 |   1171 |   3 |  534.7 |
               +--------+--------+--------+--------+--------+-----+--------+

Top non-repeatable levels by time:
     D:1: 1034 daAuts
     D:2: 540 daAuts
     D:3: 29 daAuts
